 Dungeon Crawl Stone Soup version 0.19-a0-1877-g5dbd49c (webtiles) character file.

23 PurpleRed the Conjurer (level 3, -5/19 HPs)
             Began as a Kobold Conjurer on Oct 13, 2016.
             Killed from afar by Blork the orc (11 damage)
             ... with a wand of flame
             ... on level 4 of the Dungeon.
             The game lasted 00:03:25 (517 turns).

PurpleRed the Conjurer (Kobold Conjurer)             Turns: 517, Time: 00:03:25

Health: -5/19      AC:  2    Str:  5    XL:     3   Next: 10%
Magic:  6/6        EV: 15    Int: 17    God:
Gold:   56         SH:  0    Dex: 15    Spells: 2 memorised, 4 levels left

rFire  . . .     SeeInvis .     j - +0 broad axe (flame)
rCold  . . .     Gourm    .     a - +0 robe
rNeg   . . .     Faith    .     (shield currently unavailable)
rPois  .         Spirit   .     (no helmet)
rElec  .         Dismiss  .     (no cloak)
rCorr  .         Reflect  .     (no gloves)
MR     .....     Harm     .     (no boots)
Stlth  ++........               (no amulet)
                                (no ring)
                                (no ring)

@: no status effects
A: carnivore 3
a: no special abilities


You were on level 4 of the Dungeon.
You were not hungry.

You visited 1 branch of the dungeon, and saw 6 of its levels.

You collected 56 gold pieces.

Inventory:

Hand Weapons
 e - a -2 hand axe
 j - a +0 broad axe of flaming (weapon)
Armour
 a - a +0 robe (worn)
Scrolls
 d - a scroll of remove curse
 f - a scroll of immolation {unknown}
Potions
 h - 2 potions of lignification
 i - a potion of brilliance
Books
 b - a book of Conjurations

   Spells                             Type                      Level
   a - Magic Dart                     Conjuration                  1
   b - Searing Ray                    Conjuration                  2
   c - Dazzling Spray                 Conjuration/Hexes            3
   d - Fulminant Prism                Conjuration/Hexes            4
   e - Iskenderun's Mystic Blast      Conjuration                  4
   f - Iskenderun's Battlesphere      Conjuration/Charms           5
 k - a book of Maledictions

   Spells                             Type                      Level
   a - Corona                         Hexes                        1
   b - Ensorcelled Hibernation        Hexes/Ice                    2
   c - Confuse                        Hexes                        3
   d - Tukima's Dance                 Hexes                        3
   e - Dazzling Spray                 Conjuration/Hexes            3
Comestibles
 c - 2 meat rations


   Skills:
 - Level 2.4 Dodging
 - Level 2.6 Stealth
 + Level 2.5 Spellcasting
 * Level 4.6 Conjurations


You had 4 spell levels left.
You knew the following spells:

 Your Spells              Type           Power        Failure   Level  Hunger
a - Magic Dart            Conj           ###.         2%          1    #......
b - Searing Ray           Conj           ###...       4%          2    ##.....


Dungeon Overview and Level Annotations

Branches:
Dungeon (6/15)
 Temple: D:4-7

Altars:
Gozag

Annotations:
D:4 Blork the orc


Innate Abilities, Weirdness & Mutations

You are small and have problems with some larger weapons.
You are carnivorous and can eat meat at any time.


Message History

f - a scroll labeled XEECHI MUOPS
There is a stone staircase leading up here.
Found a stone staircase leading down.
There is a stone staircase leading down here.
You climb downwards.
There is a stone staircase leading up here.
Found 13 stones.
There is a stone staircase leading up here.
You climb upwards.
There is a stone staircase leading down here.
There is a stone staircase leading up here.
You climb upwards.
There is a stone staircase leading down here.
A shadow imp and Blork the orc come into view.
Found a slimy hunting sling.
Blork the orc shouts!
Found a short sword.
Blork the orc zaps a wand.
The puff of flame hits you!
Ouch! That really hurt!
You die...

###.# ...#
####.################
#....................
#....................
#..........†.........
#.........>.......^..
#....................
#...[.......@........
#....................
#...............!....
......................
###..................).
#....................
....5...o........
................
......)........


You could see Blork the orc and a shadow imp.

Vanquished Creatures
  An ooze (D:2)
  A worm (D:2)
  A dart slug (D:2)
  2 leopard geckos
  3 bats
  2 hobgoblins
  2 rats
12 creatures vanquished.

Notes
Turn   | Place    | Note
-------+----------+-------------------------------------------
     0 | D:1      | PurpleRed the Kobold Conjurer began the quest for the Orb.
     0 | D:1      | Reached XP level 1. HP: 10/10 MP: 3/3
   274 | D:2      | Reached XP level 2. HP: 10/15 MP: 3/5
   289 | D:2      | Learned a level 2 spell: Searing Ray
   395 | D:3      | Reached XP level 3. HP: 14/19 MP: 6/6
   476 | D:5      | Entered Level 5 of the Dungeon
   476 | D:5      | Found an opulent altar of Gozag.
   515 | D:4      | Noticed Blork the orc
   517 | D:4      | Killed from afar by Blork the orc

Vault maps used:
D:1:      kennysheep_arrival_seaside
D:3:      first_bread, kennysheep_cluttered_room
D:4:      minmay_door_path, uniq_duvessa, uniq_blork_the_orc, uniq_edmund
D:5:      basic_altar, kennysheep_slug_shrine, uniq_crazy_yiuf_cottage
D:6:      nicolae_overflow_hidden_temple, hex_tiny, serial_park_tiny_2,
          uniq_sigmund

Action                   || total
-------------------------++-------
Melee: Broad axe         ||    23
       Unarmed           ||     1
 Cast: Magic Dart        ||    11
       Searing Ray       ||     1
  Use: Scroll            ||     5
 Stab: Sleeping          ||     1
Armor: Robe              ||     4
Dodge: Dodged            ||    31
